 Dungeon Crawl Stone Soup version 0.30.1-4-g462c640d31 (webtiles) character file.

Game seed: 15220301141620856895

42 Arctor the Insei (level 3, -6/23 HPs)
             Began as an Octopode Transmuter on Sept 15, 2023.
             Mangled by an orc
             ... wielding a +0 falchion
              (8 damage)
             ... on level 3 of the Dungeon.
             The game lasted 00:01:15 (1644 turns).

Arctor the Insei (Octopode Transmuter)              Turns: 1644, Time: 00:01:16

Health: -6/23      AC:  1    Str:  9    XL:     3   Next: 54%
Magic:  6/6        EV: 13    Int: 17    God:
Gold:   70         SH:  0    Dex: 12    Spells: 5/6 levels left

rFire   . .          .
                       - Unarmed
rCold   . . .        (no shield)
rNeg    . . .        (helmet currently unavailable)
rPois   .            (no amulet)
rElec   .            (no ring)
rCorr   .            (no ring)
SInv    .            (no ring)
Will    .....        (no ring)
Stlth   ++           (no ring)
HPRegen 0.23/turn    (no ring)
MPRegen 0.10/turn    (no ring)
                     (no ring)

%: no passive effects
@: appendages (expiring)
A: tentacle spike 3, almost no armour, amphibious, 8 rings, camouflage 1,
gelatinous body 1, (nimble swimmer 1), tentacles
a: End Transformation


You were on level 3 of the Dungeon.
One of your tentacles had grown a beastly spike.
You visited 1 branch of the dungeon, and saw 3 of its levels.

You collected 70 gold pieces.

Inventory:

Scrolls
 b - 2 scrolls of poison
 d - a scroll of torment {unknown}
 e - 2 scrolls of blinking {unknown}
 k - a scroll of immolation {unknown}
 n - a scroll of silence {unknown}
Potions
 a - 2 potions of lignification
 c - a potion of curing {unknown}
 f - 3 potions of magic {unknown}
 g - a potion of haste {unknown}
 h - a potion of might {unknown}
 i - a potion of heal wounds {unknown}
 j - a potion of degeneration {unknown}
 l - a potion of mutation {unknown}
 m - 2 potions of brilliance {unknown}
 o - 2 potions of attraction {unknown}


   Skills:
 + Level 1.6 Fighting
 + Level 2.4 Dodging
 + Level 3.3 Unarmed Combat
 + Level 2.3 Spellcasting
 + Level 2.4 Transmutations


You had 5 spell levels left.
You knew the following spells:

 Your Spells              Type           Power      Damage    Failure   Level
a - Beastly Appendage     Tmut           20%        N/A       7%          1

Your spell library contained the following spells:

 Spells                   Type           Power      Damage    Failure   Level
 Wereblood                Tmut           10%        N/A       11%         2
 Spider Form              Tmut/Pois      6%         N/A       34%         3
 Ice Form                 Ice/Tmut       6%         N/A       75%         4


Dungeon Overview and Level Annotations

Branches:
Dungeon (3/15)

Altars:


Innate Abilities, Weirdness & Mutations

One of your tentacles has grown a beastly spike.
You cannot wear most types of armour.
You are amphibious.
You can wear up to eight rings at the same time.
Your skin changes colour to match your surroundings (Stealth+).
Your rubbery body absorbs attacks. (AC +1, EV +1)
((You are camouflaged when in or above water. (Stealth+)))
You have tentacles for arms and can constrict up to eight enemies at once.


Message History

The goblin completely misses you.
An orc comes into view. It is wielding a +0 club.
The orc shouts!
You tentacle-slap the goblin.
You kill the goblin!
An orc comes into view. It is wielding a +0 dagger.
You barely miss the giant cockroach. You grab the giant cockroach.
You pierce the giant cockroach.
You squeeze the giant cockroach.
You kill the giant cockroach!
An orc comes into view. It is wielding a +0 falchion.
An adder comes into view.
Things that are here:
a +0 club; a giant cockroach corpse; a goblin corpse You closely miss the orc.
The adder hisses angrily.
Your grab misses the orc. You squeeze the orc.
The orc is heavily wounded.
Your transformation is almost over.
The orc hits you with a +0 short sword.
You barely miss the orc. You grab the orc.
You pierce the orc.
You squeeze the orc.
You kill the orc!
A bat comes into view.
Things that are here:
a +0 short sword; a +0 leather armour You tentacle-slap the adder.
You grab the adder.
You pierce the adder, but do no damage.
The adder is lightly wounded.
You constrict the adder. The orc hits you with a +0 dagger.
The adder misses you.
You tentacle-slap the adder but do no damage.
You squeeze the adder, but do no damage.
The adder is lightly wounded.
You constrict the adder. The adder closely misses you.
The orc hits you with a +0 dagger. The orc hits you with a +0 club.
The orc hits you with a +0 falchion!
* * * LOW HITPOINT WARNING * * *
You release your grip on the adder.
The orc attacks as you move away! The orc hits you with a +0 falchion!
You die...

#.. .. ##.#. ...... .#
...... ...... .###..#
...### ###...... #....#
....# #........
..#########..#+#........
..(......##..8.8........
#........###.[..oob.....
#..........))..)@o......
#................S......
#........#####...#...###
#........# #.####...#
#........# ### ...#
#........# ###
#........# #########


You could see an adder, 3 orcs and a bat.

Vanquished Creatures
  An adder (D:2)
  A dart slug (D:2)
  2 orcs (D:3)
  A bat (D:3)
  3 endoplasms
  2 giant cockroaches
  4 goblins
  4 hobgoblins
  A quokka (D:2)
  4 kobolds
  2 rats
25 creatures vanquished.

Notes
Turn   | Place    | Note
-------+----------+-------------------------------------------
     0 | D:1      | Arctor the Octopode Transmuter began the quest for the Orb.
     0 | D:1      | Reached XP level 1. HP: 13/13 MP: 3/3
   143 | D:1      | Reached XP level 2. HP: 4/18 MP: 3/5
   671 | D:2      | Reached XP level 3. HP: 9/23 MP: 6/6
  1040 | D:2      | Identified the +5 sling of Qazlal's Felicitations
                  | {antimagic, Int-2 Dex+6 SInv}
  1644 | D:3      | Mangled by an orc

Illustrated notes

Levels and vault maps discovered:
D:1:      dpeg_arrival_leaves_temple_mockup, layout_rooms
D:2:      layout_basic
D:3:      layout_rooms, dreamdust_ecumenical_altar_angels_and_demons,
          kennysheep_generic_room_12

Action                     || total
---------------------------++-------
  Melee: Unarmed           ||    51
         Tentacles         ||    13
         Constrict         ||    17
         Punch             ||     1
         Kick              ||     8
   Cast: Beastly Appendage ||    17
    Use: Scroll            ||     1
   Stab: Sleeping          ||     2
 Armour: Skin              ||     2
  Dodge: Dodged            ||    21
